[Event "Titled Tuesday Blitz May 2 Late 2023"]
[White "Mihajlov, Sebastian"]
[Black "Hajiyev, Kanan"]
[WhiteFideId "1512110"]
[BlackFideId "13404148"]
[WhiteElo "2478"]
[BlackElo "2103"]
[Result "0-1"]
[Round "09"]
[TimeControl "180+2"]
[Date "2023.05.02"]
[WhiteClock "0:00:02"]
[BlackClock "0:00:17"]

1. d4 d5 2. c4 c6 3. Nc3 Nf6 4. Nf3 g6 5. cxd5 cxd5 6. Qb3 Bg7 7. Bf4 O-O 8. e3 Nc6 9. Be2 Na5 10. Qd1 Nc4 11. b3 Qa5 12. Rc1 Nd6 13. O-O Nde4 14. Qe1 Nxc3 15. Qxc3 Qxc3 16. Rxc3 Ne8 17. Rfc1 Bd7 18. Ne5 Bxe5 19. dxe5 Bc6 20. h4 h5 21. Bg5 f6 22. Bf4 Kf7 23. g4 hxg4 24. Bxg4 f5 25. Bf3 Rh8 26. Bg3 Ng7 27. Rxc6 bxc6 28. Rxc6 e6 29. Rc7+ Kg8 30. b4 Kh7 31. Bf4 Rhc8 32. Rd7 Rd8 33. Rb7 Rdb8 34. Rd7 Rxb4 35. Bg5 Kg8 36. Bf6 Ne8 37. Be7 Rb1+ 38. Kg2 Rab8 39. Rxa7 R1b7 40. Rxb7 Rxb7 41. Bc5 Rb5 42. Be7 Kf7 43. Bd8 Rb8 44. Bg5 Ra8 45. h5 Rxa2 46. Kg3 Kg7 47. Bd1 Ra3 48. Kh4 Ra1 49. Bf3 Rf1 50. Kg3 Rg1+ 51. Kf4 Nc7 52. Bf6+ Kh6 53. hxg6 Kxg6 54. Be2 Ne8 55. Bh4 Ng7 56. Kf3 Nh5 57. Bb5 Rg4 58. Be8+ Kh6 59. Be7 Ng7 60. Bd7 Re4 61. Bf6 Kg6 62. Bc6 Nh5 63. Be8+ Kh6 64. Bf7 Ng7 65. Bxg7+ Kxg7 66. Bxe6 Rxe5 67. Bd7 Kf6 68. Bc6 Ke6 69. Bb5 Re4 70. Bd3 Rb4 71. Bc2 Ke5 72. Bd3 Rb2 73. Ba6 Rd2 74. Bc8 Rb2 75. Bd7 Rb6 76. Be8 Rd6 77. Bb5 Rf6 78. Bd3 Rh6 79. Ke2 Rh4 80. f4+ Ke6 81. Kf3 Rh3+ 82. Kf2 Rh2+ 83. Kf3 Rb2 84. Ba6 Ra2 85. Bc8+ Kf6 86. Bb7 Ra5 87. Bc6 Rc5 88. Bd7 Rc3 89. Ke2 Rc7 90. Ba4 Ke6 91. Kf3 Ra7 92. Bb5 Ra3 93. Ke2 Rb3 94. Ba6 Rb2+ 95. Kf3 Rd2 96. Bc8+ Kf6 97. Ba6 d4 98. exd4 Rxd4 99. Ke3 Rb4 100. Bd3 Rb3 101. Ke2 Ra3 102. Ke3 Ke6 103. Ke2 Kd6 104. Ke3 Kd5 105. Ke2 Ra2+ 106. Ke3 Ra3 107. Ke2 Ke6 108. Ke3 Ra4 109. Kf3 Rb4 110. Ke3 Kf6 111. Kf3 Kg6 112. Bc2 Rc4 113. Bd3 Rc3 114. Ke3 Rb3 115. Kd4 Ra3 116. Bc4 Kh6 117. Be6 Kg6 118. Bd5 Kh5 119. Ke5 Kg4 120. Be6 Re3+ 0-1


[Site "https://www.chess.com"]

[Event "Titled Tuesday Blitz May 2 Late 2023"]
[White "Martinez Ramirez, Lennis"]
[Black "Erzhanov, Arman"]
[WhiteFideId "3509079"]
[BlackFideId "4138821"]
[WhiteElo "2410"]
[BlackElo "2138"]
[Result "0-1"]
[Round "09"]
[TimeControl "180+2"]
[Date "2023.05.02"]
[WhiteClock "0:00:02"]
[BlackClock "0:00:34"]

1. c4 c5 2. Nf3 Nc6 3. Nc3 Nf6 4. a3 e6 5. g3 b6 6. Bg2 Bb7 7. O-O Be7 8. d4 cxd4 9. Nxd4 O-O 10. Bf4 Rc8 11. Ndb5 Na5 12. Nd6 Bxd6 13. Bxd6 Bxg2 14. Kxg2 Nxc4 15. Bxf8 Qxf8 16. Qb3 Nd2 17. Qa4 Nxf1 18. Rxf1 a5 19. e4 d5 20. exd5 Nxd5 21. Nxd5 exd5 22. Rd1 Qd6 23. Qd4 Rc5 24. b4 axb4 25. axb4 Rb5 26. Rc1 Qd7 27. Qf4 h6 28. Rc7 Qe6 29. f3 Qe2+ 30. Kh3 Qe6+ 31. g4 d4 32. Qxd4 Rh5+ 33. Kg3 Rd5 34. Qc3 Qd6+ 35. Kh3 Rd2 36. Rc8+ Kh7 37. f4 Rd3+ 0-1


[Site "https://www.chess.com"]

[Event "Titled Tuesday Blitz May 2 Late 2023"]
[White "Bayo Milagro, Alvaro"]
[Black "Simonian, Hrair"]
[WhiteFideId "22275240"]
[BlackFideId "13302337"]
[WhiteElo "2270"]
[BlackElo "2447"]
[Result "1-0"]
[Round "09"]
[TimeControl "180+2"]
[Date "2023.05.02"]
[WhiteClock "0:00:22"]
[BlackClock "0:00:05"]

1. d4 Nf6 2. Nf3 b6 3. c4 Bb7 4. Nc3 e6 5. a3 d5 6. cxd5 Nxd5 7. Qc2 Be7 8. Bd2 O-O 9. e4 Nxc3 10. Bxc3 Nd7 11. O-O-O Qc8 12. h4 Ba6 13. h5 Bxf1 14. Rhxf1 Bf6 15. e5 Be7 16. Kb1 b5 17. h6 g6 18. Bd2 Nb6 19. Bg5 Qd8 20. Bxe7 Qxe7 21. Nd2 Nd5 22. Ne4 a5 23. Qc5 Qxc5 24. Nxc5 a4 25. Rc1 b4 26. axb4 Rfb8 27. Rc4 Nxb4 28. Nd7 Rb7 29. Rfc1 Nd5 30. Nf6+ Nxf6 31. exf6 a3 32. Rxc7 Rxb2+ 33. Ka1 Rbb8 34. Re7 Rf8 35. Rec7 Rad8 36. R1c4 Rd5 37. Rc8 Rdd8 38. R8c7 Ra8 39. Ka2 Rfb8 40. g4 Re8 41. f4 g5 42. fxg5 Reb8 43. Rc2 Rd8 44. R2c4 Rdb8 45. Rd7 Rb2+ 46. Ka1 Rg2 47. Rdc7 Rf8 48. Rc8 Rg1+ 49. Ka2 Rg2+ 50. Kxa3 Rg3+ 51. Ka4 Rg1 52. Rxf8+ Kxf8 53. Rc8# 1-0


[Site "https://www.chess.com"]

[Event "Titled Tuesday Blitz May 2 Late 2023"]
[White "Pantev, Veselin"]
[Black "Tomaszewski, Kacper"]
[WhiteFideId "2901390"]
[BlackFideId "1127373"]
[WhiteElo "2427"]
[BlackElo "2211"]
[Result "1-0"]
[Round "09"]
[TimeControl "180+2"]
[Date "2023.05.02"]
[WhiteClock "0:00:36"]
[BlackClock "0:00:07"]

1. d4 e6 2. Nf3 Nf6 3. g3 d5 4. Bg2 Nc6 5. O-O Bd6 6. Nbd2 O-O 7. c4 Ne4 8. b3 f5 9. Bb2 b6 10. Rc1 Bb7 11. cxd5 exd5 12. Nb1 Ne7 13. Nc3 Qe8 14. Ne5 Ng6 15. f4 Rc8 16. e3 Rf6 17. Qe2 c6 18. Nxe4 fxe4 19. Bh3 Rc7 20. Qh5 Re7 21. g4 Bb4 22. f5 Nf8 23. Qxe8 Rxe8 24. Rf2 h6 25. Bf1 Rd8 26. Rfc2 Rc8 27. Bb5 c5 28. a3 cxd4 29. Rxc8 Bxc8 30. Rxc8 1-0


[Site "https://www.chess.com"]

[Event "Titled Tuesday Blitz May 2 Late 2023"]
[White "Gutkin, Ilya"]
[Black "Nasir, Zehn"]
[WhiteFideId "16203470"]
[BlackFideId "2613239"]
[WhiteElo "2265"]
[BlackElo "1993"]
[Result "0-1"]
[Round "09"]
[TimeControl "180+2"]
[Date "2023.05.02"]
[WhiteClock "0:00:03"]
[BlackClock "0:00:16"]

1. Nf3 d5 2. g3 f5 3. Bg2 Nf6 4. O-O e6 5. c4 c6 6. d3 Be7 7. Qc2 O-O 8. Bf4 Bd7 9. Nc3 Be8 10. Rad1 Bh5 11. Rfe1 d4 12. Nb1 Nbd7 13. Nxd4 Bf7 14. Nf3 Qb6 15. Qb3 Bb4 16. Bd2 a5 17. a3 Nc5 18. Qc2 Bxd2 19. Nbxd2 a4 20. Ne5 Rad8 21. Ndf3 Bh5 22. Qc3 Nb3 23. Qb4 Qxb4 24. axb4 Bxf3 25. Bxf3 Nd4 26. Rc1 Nd7 27. Nxd7 Rxd7 28. Bg2 Rfd8 29. Kf1 Kf8 30. Rc3 e5 31. Ra1 Ra8 32. Rca3 Nc2 33. Rxa4 Rxa4 34. Rxa4 e4 35. Ra7 exd3 36. exd3 Nxb4 37. Ke2 Nxd3 38. b3 Nc1+ 39. Ke3 Nxb3 40. Kf4 Nd4 41. h4 Ke7 42. Bh3 g6 43. Kg5 Kf7 44. Kh6 Kf6 45. Ra8 Nf3 46. Rh8 Nd2 47. Rxh7 Rxh7+ 48. Kxh7 Nxc4 49. g4 fxg4 50. Bxg4 b5 51. Be2 Ne5 52. Bd1 b4 53. f4 Nd3 54. Bc2 Nxf4 55. Kh6 c5 56. Bb3 Ng2 57. h5 gxh5 58. Kxh5 Ke5 59. Kg4 Kd4 60. Kf3 Ne1+ 61. Ke2 Nd3 62. Kd2 Ne5 63. Kc2 c4 64. Ba4 Nf3 65. Kb2 c3+ 66. Kc1 Kc5 67. Bb3 Nd4 68. Ba4 b3 69. Kb1 Kb4 70. Bd7 Ka3 71. Be8 c2+ 72. Kc1 Ne2+ 73. Kd2 c1=Q+ 74. Kxe2 b2 0-1


[Site "https://www.chess.com"]

[Event "Titled Tuesday Blitz May 2 Late 2023"]
[White "Shubenkova, Veronika"]
[Black "Mendez Fortes, Eduardo Jesus"]
[WhiteFideId "44124040"]
[BlackFideId "3502376"]
[WhiteElo "2027"]
[BlackElo "2307"]
[Result "0-1"]
[Round "09"]
[TimeControl "180+2"]
[Date "2023.05.02"]
[WhiteClock "0:00:37"]
[BlackClock "0:01:21"]

1. e4 c5 2. Nc3 d6 3. g3 Nc6 4. Bg2 g6 5. d3 Bg7 6. f4 e6 7. Nf3 Nge7 8. O-O O-O 9. Rb1 Rb8 10. Be3 b5 11. Ne2 b4 12. h3 Qa5 13. Nc1 Nd4 14. Nxd4 cxd4 15. Bf2 Nc6 16. g4 Bb7 17. h4 f5 18. h5 fxe4 19. Bxe4 Rxf4 20. hxg6 Qg5 21. gxh7+ Kh8 22. Bg3 Rxg4 23. Ne2 Be5 24. Qe1 Bxg3 25. Nxg3 Rxg3+ 26. Kf2 Rf8+ 27. Ke2 Re3+ 28. Kd1 Rxe1+ 29. Rxe1 Qg4+ 30. Kc1 Qg5+ 31. Kd1 Rf2 32. Re2 Qg4 0-1


[Site "https://www.chess.com"]

[Event "Titled Tuesday Blitz May 2 Late 2023"]
[White "Onslow, Alfie"]
[Black "Benedetti, Julio"]
[WhiteFideId "436976"]
[BlackFideId "172545"]
[WhiteElo "2114"]
[BlackElo "2263"]
[Result "0-1"]
[Round "09"]
[TimeControl "180+2"]
[Date "2023.05.02"]
[WhiteClock "0:00:06"]
[BlackClock "0:00:46"]

1. e4 c5 2. Nc3 Nc6 3. Bb5 g6 4. Bxc6 dxc6 5. f4 Bg7 6. Nf3 Nf6 7. d3 Nd7 8. O-O Nf8 9. Qe1 Ne6 10. f5 Nd4 11. Nxd4 cxd4 12. Ne2 gxf5 13. exf5 Qd5 14. Ng3 h5 15. f6 Bf8 16. fxe7 Bxe7 17. Ne4 Be6 18. Bf4 O-O-O 19. a4 Rhg8 20. a5 f5 21. Ng3 h4 22. a6 b6 23. Qe2 hxg3 24. Bxg3 Bd6 25. Rf3 Bxg3 26. hxg3 Qd6 27. Re1 Bd5 28. Rxf5 Rxg3 29. Rf2 Re3 30. Qf1 Rh8 31. Rxe3 Qh2# 0-1


[Site "https://www.chess.com"]

[Event "Titled Tuesday Blitz May 2 Late 2023"]
[White "Adan Bermudez, Sergio"]
[Black "Skvortsov, Andrei"]
[WhiteFideId "2292726"]
[BlackFideId "24108600"]
[WhiteElo "2292"]
[BlackElo "2259"]
[Result "1-0"]
[Round "09"]
[TimeControl "180+2"]
[Date "2023.05.02"]
[WhiteClock "0:00:12"]
[BlackClock "0:00:13"]

1. c4 c6 2. Nc3 d5 3. e3 Nf6 4. Nf3 Bg4 5. Qb3 Qb6 6. Ne5 Be6 7. d4 Nbd7 8. Nxd7 Bxd7 9. cxd5 Qxb3 10. axb3 Nxd5 11. Bc4 e6 12. O-O Bb4 13. Bd2 Nxc3 14. bxc3 Bd6 15. b4 e5 16. Ra5 Bc7 17. Ra2 a6 18. dxe5 Bxe5 19. f4 Bc7 20. e4 Be6 21. Bxe6 fxe6 22. Be3 Rd8 23. Rd2 Rxd2 24. Bxd2 Bb6+ 25. Kh1 Ke7 26. f5 h6 27. Bf4 Rd8 28. Be5 exf5 29. Bxg7 Rg8 30. exf5 h5 31. Be5 Rd8 32. f6+ Ke6 33. Bg3 Rf8 34. Bh4 Bd8 35. Re1+ Kf5 36. c4 b6 37. Rf1+ Kg6 38. Ra1 Bxf6 39. Bxf6 Rxf6 40. h3 c5 41. Rxa6 cxb4 42. Ra4 b3 43. Rb4 Rc6 44. Rxb3 Rxc4 45. Rxb6+ Kg5 46. Kh2 h4 47. Rd6 Rb4 48. Rd5+ Kg6 49. Re5 Kh6 50. Kg1 Rf4 51. Re3 Kg6 52. Rf3 Ra4 53. Kf2 Kg5 54. Re3 Rf4+ 55. Ke2 Ra4 56. Re5+ Kg6 57. Kf2 Kf6 58. Re3 Kg5 59. Rd3 Rf4+ 60. Ke3 Ra4 61. Rd5+ Kg6 62. Rd4 Rxd4 63. Kxd4 Kf5 64. Kd5 Kf4 65. Ke6 Kg3 66. Kf5 Kxg2 67. Kg4 Kf2 68. Kxh4 Ke3 69. Kg5 Ke4 70. h4 Ke5 71. h5 Ke6 72. Kg6 Ke7 73. Kg7 1-0


[Site "https://www.chess.com"]

[Event "Titled Tuesday Blitz May 2 Late 2023"]
[White "Stork, Oliver"]
[Black "Rosen, Eric"]
[WhiteFideId "12955728"]
[BlackFideId "2032562"]
[WhiteElo "2239"]
[BlackElo "2331"]
[Result "0-1"]
[Round "09"]
[TimeControl "180+2"]
[Date "2023.05.02"]
[WhiteClock "0:00:14"]
[BlackClock "0:00:06"]

1. b3 e5 2. Bb2 Nc6 3. c4 Nge7 4. e3 d5 5. cxd5 Nxd5 6. a3 Bd6 7. d3 O-O 8. Nf3 Qe7 9. Nbd2 f5 10. Rc1 Kh8 11. Nc4 f4 12. e4 Nb6 13. Nxd6 cxd6 14. Be2 g5 15. d4 g4 16. dxe5 dxe5 17. Nxe5 Nxe5 18. Qd4 Nd7 19. Bb5 Kg8 20. Bxd7 Nxd7 21. Qh8+ Kf7 22. Qxh7+ Ke8 23. Qg6+ Rf7 24. O-O Nf8 25. Qh5 Bd7 26. Rfd1 Rd8 27. Qd5 Bc6 28. Qh5 g3 29. Rxd8+ Qxd8 30. hxg3 fxg3 31. Rc5 gxf2+ 32. Kf1 Qd3+ 33. Qe2 Qxe2+ 34. Kxe2 f1=Q+ 0-1


[Site "https://www.chess.com"]

[Event "Titled Tuesday Blitz May 2 Late 2023"]
[White "Karas, Marek"]
[Black "Aldokhin, Ivan"]
[WhiteFideId "14928558"]
[BlackFideId "24115720"]
[WhiteElo "2233"]
[BlackElo "2322"]
[Result "0-1"]
[Round "09"]
[TimeControl "180+2"]
[Date "2023.05.02"]
[WhiteClock "0:00:11"]
[BlackClock "0:00:39"]

1. Nc3 d5 2. d4 Nf6 3. Bf4 a6 4. e3 c5 5. Nf3 Nc6 6. dxc5 e6 7. Bd3 Bxc5 8. e4 d4 9. Ne2 Qe7 10. O-O e5 11. Bg5 h6 12. Bd2 O-O 13. Ng3 Re8 14. Qe2 Nb4 15. a3 Nxd3 16. cxd3 Bd6 17. Nh4 Bg4 18. Nhf5 Bxe2 19. Nxe7+ Rxe7 20. Nxe2 Rc8 21. Rac1 Rec7 22. Rxc7 Rxc7 23. Rc1 Nd7 24. Rxc7 Bxc7 25. Bb4 a5 26. Bd2 Nc5 27. Nc1 Na4 28. b4 Nc3 29. Kf1 Nb1 30. Ke2 a4 31. g3 Nxa3 32. f4 f6 33. f5 Bd6 34. Na2 Nb5 35. Kd1 h5 36. h3 Kh7 37. g4 hxg4 38. hxg4 g6 39. Ke2 gxf5 40. gxf5 Bf8 41. Kd1 Bh6 42. Be1 Bg5 43. Ke2 Kh6 44. Kf3 Kh5 45. Ke2 Kg4 46. Nc1 Bxc1 0-1


[Site "https://www.chess.com"]

[Event "Titled Tuesday Blitz May 2 Late 2023"]
[White "Manukyan, Sargis A."]
[Black "Saya, Ethan"]
[WhiteFideId "13303970"]
[BlackFideId "26095181"]
[WhiteElo "2187"]
[BlackElo "2189"]
[Result "1-0"]
[Round "09"]
[TimeControl "180+2"]
[Date "2023.05.02"]
[WhiteClock "0:00:18"]
[BlackClock "0:00:17"]

1. d4 Nf6 2. c4 e6 3. Nc3 Bb4 4. a3 Bxc3+ 5. bxc3 c5 6. e3 Nc6 7. Bd3 b6 8. Ne2 Na5 9. e4 d6 10. O-O Ba6 11. Bg5 h6 12. Bh4 g5 13. Bg3 Nh5 14. f4 Nxg3 15. Nxg3 Qd7 16. f5 O-O-O 17. fxe6 fxe6 18. Qh5 Bxc4 19. Bxc4 Nxc4 20. Rf7 Qa4 21. Qg6 Rhe8 22. Qxh6 g4 23. Qg6 Ne3 24. Re1 Nc2 25. Ref1 cxd4 26. cxd4 Qxd4+ 27. Kh1 Kb8 28. Qh7 b5 29. Rb7+ Ka8 30. Rxb5 Rb8 31. Qd7 a6 32. Rxb8+ Rxb8 33. Qc6+ Ka7 34. Qxc2 Rb7 35. Qf2 Qxf2 36. Rxf2 Rb1+ 37. Nf1 Rb3 38. Rf4 Rxa3 39. Rxg4 a5 40. h4 Ra2 41. h5 Rf2 42. Kg1 Rf7 43. h6 Rh7 44. Rg7+ Rxg7 45. hxg7 1-0


[Site "https://www.chess.com"]

[Event "Titled Tuesday Blitz May 2 Late 2023"]
[White "Bruedigam, Martin"]
[Black "Petrovic, Aleksa"]
[WhiteFideId "24608033"]
[BlackFideId "967629"]
[WhiteElo "2331"]
[BlackElo "2309"]
[Result "0-1"]
[Round "09"]
[TimeControl "180+2"]
[Date "2023.05.02"]
[WhiteClock "0:00:06"]
[BlackClock "0:00:03"]

1. d4 Nf6 2. c4 e6 3. Nc3 Bb4 4. Bd2 O-O 5. e3 d5 6. Nf3 Nc6 7. Bd3 a6 8. O-O dxc4 9. Bxc4 Bd6 10. e4 e5 11. d5 Ne7 12. h3 Ng6 13. Re1 h6 14. a3 Nh7 15. Ne2 Nh4 16. Nxh4 Qxh4 17. Ng3 Ng5 18. Bf1 Bc5 19. Be3 Bxe3 20. Rxe3 Bd7 21. Rc1 c6 22. Rb3 cxd5 23. exd5 f5 24. Rxb7 Bc8 25. Rb4 f4 26. d6 a5 27. Rbc4 Be6 28. Ne4 Bxc4 29. Bxc4+ Kh8 30. Nxg5 Qxg5 31. d7 f3 32. g3 e4 33. Rc3 Rad8 34. a4 h5 35. Bb5 h4 36. g4 Rf4 37. Kh1 Qe5 38. Qd2 Rf6 39. Rc8 Rff8 40. Rxd8 Rxd8 41. Qxa5 Qg5 42. Qb6 Qc1+ 43. Kh2 Qf4+ 44. Kg1 Qg5 45. Qc7 e3 46. fxe3 Qxe3+ 47. Kf1 Qe7 48. Qc3 Rf8 49. Kf2 Qd6 50. Qe3 Qh2+ 51. Ke1 f2+ 52. Kd1 f1=Q+ 0-1


[Site "https://www.chess.com"]

[Event "Titled Tuesday Blitz May 2 Late 2023"]
[White "Kim, Sergey"]
[Black "Yeritsyan, Hayk"]
[WhiteFideId "13700570"]
[BlackFideId "13307320"]
[WhiteElo "2295"]
[BlackElo "2241"]
[Result "1-0"]
[Round "09"]
[TimeControl "180+2"]
[Date "2023.05.02"]
[WhiteClock "0:00:22"]
[BlackClock "0:00:02"]

1. d4 d5 2. c4 e6 3. Nc3 dxc4 4. e3 a6 5. Bxc4 b5 6. Bb3 Bb7 7. Nf3 Nf6 8. O-O Nbd7 9. Qe2 Be7 10. Rd1 O-O 11. Bc2 Qc8 12. e4 Re8 13. e5 Nd5 14. Ne4 c5 15. Bg5 Bf8 16. Rac1 c4 17. Bb1 Qc6 18. Qd2 Rac8 19. Bh4 b4 20. Neg5 g6 21. Ne4 c3 22. bxc3 Nxc3 23. Nxc3 bxc3 24. Qf4 Nb6 25. Bf6 Nd5 26. Qh4 Nxf6 27. exf6 Qd5 28. Re1 c2 29. Rxc2 Rxc2 30. Bxc2 Qxa2 31. Be4 Bxe4 32. Qxe4 Rd8 33. h4 Qd5 34. Qf4 a5 35. Ra1 Ra8 36. Ne5 Bd6 37. Qh6 Bf8 38. Qd2 Rd8 39. Rxa5 Qe4 40. Qe3 Qxd4 41. Qxd4 Rxd4 42. Ra8 Rd5 43. f4 h6 44. Kf2 g5 45. g3 gxh4 46. gxh4 h5 47. Kf3 Rd1 48. Ke2 Rd4 49. Ke3 Rd1 50. Ke4 Re1+ 51. Kd3 Rd1+ 52. Ke2 Rd4 53. Kf3 Rd1 54. Ra7 Kh7 55. Rxf7+ Kg8 56. Ra7 Bh6 57. Ra8+ Kh7 58. f7 Rf1+ 59. Ke2 Rxf4 60. Ra7 Kh8 61. Ra8+ Kh7 62. Ra7 Bg7 63. Nd3 Rxh4 64. f8=Q Kh6 65. Qxg7# 1-0


[Site "https://www.chess.com"]

[Event "Titled Tuesday Blitz May 2 Late 2023"]
[White "Adewumi, Tanitoluwa"]
[Black "Suvorov, Luca"]
[WhiteFideId "30966396"]
[BlackFideId "12977071"]
[WhiteElo "2283"]
[BlackElo "2202"]
[Result "1-0"]
[Round "09"]
[TimeControl "180+2"]
[Date "2023.05.02"]
[WhiteClock "0:00:08"]
[BlackClock "0:00:17"]

1. e4 c6 2. d4 d5 3. exd5 cxd5 4. Bd3 Nc6 5. c3 Qc7 6. Ne2 Bg4 7. O-O e6 8. Qe1 Bd6 9. f3 Bh5 10. Qh4 Nf6 11. Bg5 Bg6 12. Bxg6 fxg6 13. Bxf6 gxf6 14. Qxf6 Kd7 15. Qh4 g5 16. Qh5 Rag8 17. Na3 Bxa3 18. bxa3 Ne7 19. Rfe1 Rg6 20. c4 Qxc4 21. Rac1 Qxa2 22. Nc3 Qc4 23. Red1 Qa6 24. a4 Qb6 25. Rb1 Qc6 26. Rdc1 b6 27. Nb5 Qb7 28. Rc7+ Qxc7 29. Nxc7 Kxc7 30. Rc1+ Kd7 31. Qh3 Nf5 32. Rd1 h5 33. g4 Nh4 34. gxh5 Rf6 35. Qg3 Nxf3+ 36. Kh1 Rxh5 37. h3 Rfh6 38. Kg2 Nh4+ 39. Kg1 Nf5 40. Qe5 Rxh3 41. Rd2 Rh1+ 42. Kg2 R1h2+ 43. Qxh2 Ne3+ 44. Kf3 Rxh2 45. Rxh2 Nf5 46. Rh7+ Kd6 47. Rxa7 Nxd4+ 48. Ke3 Nc6 49. Rb7 Kc5 50. Rg7 Kb4 51. Rb7 Ka5 52. Rc7 Ne5 53. Kd4 Nc4 54. Rc6 g4 55. Rxe6 Kxa4 56. Kxd5 b5 57. Kc5 Na5 58. Re4+ Ka3 59. Kxb5 Nb3 60. Rxg4 Kb2 61. Kc4 Nd2+ 62. Kd3 Nb3 63. Rb4 Ka3 64. Kc3 Nc5 65. Rb1 Ne4+ 66. Kd3 Nf2+ 67. Kc3 Ne4+ 68. Kd4 Ng3 69. Rb8 Ne2+ 70. Kc4 Ng3 71. Re8 Kb2 72. Re3 Nf5 73. Rf3 Nd6+ 74. Kc5 Ne4+ 75. Kd4 Nd6 76. Kd5 Nb5 77. Kc4 Nd6+ 78. Kc5 Ne4+ 79. Kd4 Nd6 80. Rf6 Nb5+ 81. Kd3 Ka3 82. Kc4 Nc7 83. Kc5 Ne8 84. Rf7 Kb3 85. Kc6 Kc4 86. Kd7 Kd5 87. Kxe8 Ke6 88. Rf1 Kd6 89. Kf7 Kd5 90. Kf6 Ke4 91. Rd1 Kf4 92. Rd4+ Ke3 93. Ke5 Kf3 94. Re4 Kg3 95. Rf4 Kh2 96. Ke4 1-0


[Site "https://www.chess.com"]

[Event "Titled Tuesday Blitz May 2 Late 2023"]
[White "Mortazavi, Ali"]
[Black "Osmonbekov, Talaibek"]
[WhiteFideId "401323"]
[BlackFideId "2017253"]
[WhiteElo "2339"]
[BlackElo "2135"]
[Result "1-0"]
[Round "09"]
[TimeControl "180+2"]
[Date "2023.05.02"]
[WhiteClock "0:00:36"]
[BlackClock "0:00:02"]

1. Nf3 f5 2. d3 d6 3. d4 e6 4. Nc3 Nf6 5. h3 Be7 6. g4 O-O 7. gxf5 exf5 8. Rg1 Kh8 9. Bf4 a6 10. e3 b5 11. Bd3 Nc6 12. a3 Bd7 13. d5 Na5 14. Nd4 Qe8 15. Bxf5 Nxd5 16. Nxd5 Bxf5 17. Nxf5 Rxf5 18. Nxc7 Qc6 19. Nxa8 Qxa8 20. Qd3 Rf8 21. Qc3 Bf6 22. Qxa5 Bxb2 23. Rb1 1-0


[Site "https://www.chess.com"]

[Event "Titled Tuesday Blitz May 2 Late 2023"]
[White "Dobrowolski, Piotr"]
[Black "Prydun, Andriy"]
[WhiteFideId "1106236"]
[BlackFideId "14145898"]
[WhiteElo "2320"]
[BlackElo "2164"]
[Result "0-1"]
[Round "09"]
[TimeControl "180+2"]
[Date "2023.05.02"]
[WhiteClock "0:00:01"]
[BlackClock "0:00:03"]

1. e4 c6 2. c4 e6 3. d4 d5 4. Nc3 Nf6 5. e5 Nfd7 6. Nf3 Be7 7. cxd5 cxd5 8. Bd3 Nc6 9. a3 f6 10. exf6 Bxf6 11. O-O O-O 12. Re1 e5 13. Nxd5 exd4 14. Bc4 Kh8 15. Nxf6 Nxf6 16. Ng5 Qc7 17. Qf3 Ne5 18. Rxe5 Qxe5 19. Bf4 Qc5 20. Nf7+ Rxf7 21. Bxf7 Bg4 22. Qb3 Qe7 23. h3 Bf5 24. Rc1 d3 25. g4 Be4 26. Qe6 Qd8 27. g5 Bd5 28. Qe3 Bxf7 29. gxf6 Qxf6 30. Be5 Qf5 31. f4 Bg6 32. Rc7 Rg8 33. Qd4 Qf8 34. Kf2 Bf5 35. Ke3 Qe8 36. Kd2 Qg6 37. Kc3 Qb6 0-1


[Site "https://www.chess.com"]

[Event "Titled Tuesday Blitz May 2 Late 2023"]
[White "Seletsky, Grigory"]
[Black "Jovic, Stanoje"]
[WhiteFideId "14112191"]
[BlackFideId "905020"]
[WhiteElo "2490"]
[BlackElo "2236"]
[Result "1-0"]
[Round "09"]
[TimeControl "180+2"]
[Date "2023.05.02"]
[WhiteClock "0:00:01"]
[BlackClock "0:00:05"]

1. e4 c6 2. Nc3 d5 3. d4 dxe4 4. Nxe4 Nf6 5. Nxf6+ exf6 6. c3 Bd6 7. Bd3 O-O 8. Qc2 h5 9. Ne2 Qc7 10. Bd2 Re8 11. O-O-O c5 12. dxc5 Bxc5 13. f3 Nc6 14. Nf4 h4 15. g4 Ne5 16. Nd5 Nxd3+ 17. Qxd3 Qc6 18. Bf4 Be6 19. Nc7 Red8 20. Qe2 Rxd1+ 21. Rxd1 Rc8 22. Nxe6 Qxe6 23. Qxe6 fxe6 24. Rd7 g5 25. Bc7 h3 26. Bg3 b5 27. Kc2 e5 28. Kd3 b4 29. c4 Bd4 30. b3 a5 31. Ke4 a4 32. Kd5 axb3 33. axb3 Rc5+ 34. Ke6 Rc6+ 35. Kf5 Bc3 36. Bf2 Ra6 37. c5 Kf8 38. Rd6 Ra2 39. Rxf6+ Ke7 40. Bg3 e4 41. Re6+ Kf7 42. Rxe4 Ra6 43. Rc4 Rf6+ 44. Kxg5 Rc6 45. Bd6 Ke6 46. Kh4 Kd5 47. Kxh3 Ra6 48. Bg3 Kc6 49. g5 Ra3 50. Kg4 Rxb3 51. g6 Ra3 52. h4 Kd5 53. Re4 b3 54. Re2 Ra2 55. Re8 b2 56. Rb8 Kc4 57. h5 Bb4 58. g7 b1=Q 59. g8=Q+ Kc3 60. Be5+ Kd2 61. Rd8+ Ke1 62. Qc4 1-0


[Site "https://www.chess.com"]

[Event "Titled Tuesday Blitz May 2 Late 2023"]
[White "Przybylski, Wojciech"]
[Black "Leenhouts, Koen"]
[WhiteFideId "1117599"]
[BlackFideId "1008439"]
[WhiteElo "2222"]
[BlackElo "2409"]
[Result "1-0"]
[Round "09"]
[TimeControl "180+2"]
[Date "2023.05.02"]
[WhiteClock "0:00:20"]
[BlackClock "0:00:23"]

1. e4 c5 2. Nf3 e6 3. d4 cxd4 4. Nxd4 Nc6 5. Nc3 Qc7 6. g4 a6 7. Bg2 b5 8. Nxc6 dxc6 9. Be3 Ne7 10. a4 b4 11. Nb1 Ng6 12. O-O Bd6 13. h3 Nf4 14. Nd2 Nxg2 15. Kxg2 O-O 16. Nc4 Bf4 17. Bc5 Rd8 18. Qf3 Rb8 19. a5 e5 20. Bb6 Qe7 21. Bxd8 Qxd8 22. Rfd1 Qe7 23. Rd3 Be6 24. Ne3 g6 25. Rad1 Kg7 26. b3 Qc7 27. Nc4 Bxc4 28. bxc4 Qxa5 29. Rd7 Qc5 30. Qd3 Re8 31. Ra1 a5 32. c3 Re6 33. cxb4 Qxb4 34. Rb1 Qe1 35. Rxe1 1-0


[Site "https://www.chess.com"]

[Event "Titled Tuesday Blitz May 2 Late 2023"]
[White "Vovk, Orest"]
[Black "Papayan, Oleg"]
[WhiteFideId "14113490"]
[BlackFideId "4193911"]
[WhiteElo "2215"]
[BlackElo "2153"]
[Result "1-0"]
[Round "09"]
[TimeControl "180+2"]
[Date "2023.05.02"]
[WhiteClock "0:00:52"]
[BlackClock "0:00:02"]

1. c4 e5 2. Nc3 Nf6 3. Nf3 e4 4. Nd4 Nc6 5. Nxc6 dxc6 6. d3 exd3 7. Qxd3 Qxd3 8. exd3 Bf5 9. Be3 O-O-O 10. O-O-O Ng4 11. h3 Nxe3 12. fxe3 h5 13. e4 Bg6 14. Be2 Bc5 15. Rhf1 Be3+ 16. Kc2 f6 17. Rf3 Bg5 18. Rff1 Rhe8 19. g4 hxg4 20. Bxg4+ Kb8 21. Bf5 Bh5 22. Bg4 Bf7 23. b3 Rh8 24. d4 Rh4 25. e5 Bg6+ 26. Kb2 fxe5 27. dxe5 Rhh8 28. e6 Bf6 29. Rd7 b5 30. Rxf6 gxf6 31. cxb5 cxb5 32. Nxb5 f5 33. Bf3 Rhe8 34. Rxc7 Rxe6 35. Rb7+ Ka8 36. Nc7# 1-0


[Site "https://www.chess.com"]

[Event "Titled Tuesday Blitz May 2 Late 2023"]
[White "Topalov, Aleksandar"]
[Black "Kavutskiy, Konstantin"]
[WhiteFideId "925659"]
[BlackFideId "2026384"]
[WhiteElo "2151"]
[BlackElo "2323"]
[Result "0-1"]
[Round "09"]
[TimeControl "180+2"]
[Date "2023.05.02"]
[WhiteClock "0:01:54"]
[BlackClock "0:01:23"]

1. b3 Nf6 2. Bb2 g6 3. Bxf6 exf6 4. c4 d5 5. cxd5 Qxd5 6. e3 Bg7 7. Nc3 Qd8 8. d4 O-O 9. Nge2 f5 10. g3 c5 11. dxc5 Qa5 12. Rc1 Rd8 13. Qc2 Nc6 14. Nf4 Nb4 15. Qb2 Nxa2 16. Ne2 Nxc1 17. Qxc1 Be6 0-1


[Site "https://www.chess.com"]

[Event "Titled Tuesday Blitz May 2 Late 2023"]
[White "Karttunen, Mika"]
[Black "D`Arruda, Ricardo D."]
[WhiteFideId "502081"]
[BlackFideId "100692"]
[WhiteElo "2396"]
[BlackElo "2271"]
[Result "1-0"]
[Round "09"]
[TimeControl "180+2"]
[Date "2023.05.02"]
[WhiteClock "0:00:21"]
[BlackClock "0:00:19"]

1. e4 c5 2. Nf3 Nc6 3. Bb5 g6 4. Bxc6 dxc6 5. d3 c4 6. dxc4 Qxd1+ 7. Kxd1 Bg7 8. Nbd2 Nf6 9. h3 O-O 10. c3 c5 11. Re1 b6 12. Ne5 Bb7 13. Nd3 Bh6 14. f3 Rad8 15. Kc2 Nh5 16. Nf1 Bg7 17. g4 Nf6 18. Bf4 e6 19. Rad1 Nd7 20. Bd6 Rfe8 21. Ne3 Bc6 22. Bc7 Rc8 23. Bg3 f5 24. Nf1 fxe4 25. fxe4 Rf8 26. Nd2 Bh6 27. Bd6 Bxd2 28. Rxd2 Rf3 29. h4 Rh3 30. Rh2 Rxh2+ 31. Bxh2 Rf8 32. Nf4 e5 33. Nd3 Nf6 34. Nxe5 Bxe4+ 35. Kb3 Bb7 36. a4 Re8 37. g5 Ng4 38. Bg3 Nxe5 39. Bxe5 Bc6 40. a5 bxa5 41. Ka3 a4 42. Re3 Re6 43. Bf4 Rxe3 44. Bxe3 a6 45. Bxc5 Kf7 46. Kb4 Ke6 47. Ka5 Be4 48. Kxa4 Bd3 49. Kb4 Kf5 50. Be7 Kg4 51. c5 Bb5 52. c4 Bc6 53. Ka5 Kf5 54. Kxa6 1-0


[Site "https://www.chess.com"]